 Dungeon Crawl Stone Soup version 0.21.1-1-g345015f (webtiles) character file.

74 martbhell the Shield-Bearer (level 4, -7/40 HPs)
             Began as a Hill Orc Fighter on Apr 6, 2018.
             Was an Initiate of Wu Jian.
             Mangled by an orc warrior
             ... wielding a +0 trident
              (15 damage)
             ... on level 3 of the Dungeon.
             The game lasted 00:06:56 (1554 turns).

martbhell the Shield-Bearer (Hill Orc Fighter)      Turns: 1554, Time: 00:06:56

Health: -7/40      AC:  7    Str: 19    XL:     4   Next: 28%
Magic:  13/13      EV:  7    Int:  8    God:    Wu Jian [......]
Gold:   42         SH:  9    Dex: 10    Spells: 3/3 levels left

rFire    . . .     SeeInvis .   a - +1 rapier
rCold    . . .     Gourm    .   c - +0 shield
rNeg     . . .     Faith    .   b - +0 scale mail
rPois    .         Spirit   .   (no helmet)
rElec    .         Reflect  .   (no cloak)
rCorr    .         Harm     .   (no gloves)
MR       .....                  (no boots)
Stlth    ..........             (no amulet)
HPRegen  0.13/turn              l - ring of magical power
MPRegen  0.13/turn              (no ring)

@: lethally poisoned (-7 -> -10)
A: no striking features
a: Renounce Religion


You were on level 3 of the Dungeon.
You worshipped Wu Jian.
Wu Jian was noncommittal.
You were not hungry.

You visited 1 branch of the dungeon, and saw 3 of its levels.

You collected 42 gold pieces.

Inventory:

Hand Weapons
 a - a +1 rapier (weapon)
 o - a +0 hunting sling
Missiles
 k - 41 arrows
Armour
 b - a +0 scale mail (worn)
 c - a +0 shield (worn)
Jewellery
 l - a ring of magical power (left hand)
Scrolls
 d - 2 scrolls of enchant armour {unknown}
 e - a scroll of noise
 g - 5 scrolls of teleportation {unknown}
 m - a scroll of remove curse
 p - a scroll of fear {unknown}
Potions
 h - a potion of degeneration {unknown}
 i - a potion of brilliance
 j - 2 potions of heal wounds
 n - a potion of berserk rage {unknown}
Comestibles
 f - 3 rations


   Skills:
 + Level 4.0 Fighting
 + Level 2.8 Short Blades
 + Level 4.0 Armour
 + Level 4.1 Shields


You had 3 spell levels left.
You didn't know any spells.

Dungeon Overview and Level Annotations

Branches:
Dungeon (3/15)

Altars:
Wu Jian


Message History

You are poisoned.
The adder poisons you!
You hit the orc but do no damage.
You feel sick. The giant cockroach barely misses you.
The orc hits you but does no damage. The adder bites you.
* * * LOW HITPOINT WARNING * * *
The orc barely misses you. The kobold closely misses you.
You block the orc warrior's attack. You block the giant cockroach's attack.
The orc closely misses you.
You hit the orc but do no damage.
You feel sick. You block the adder's attack.
The giant cockroach bites you but does no damage.
The kobold hits you but does no damage. The orc hits you but does no damage.
You block the orc warrior's attack. The orc hits you but does no damage.
The adder barely misses you.
You hit the orc but do no damage.
The giant cockroach bites you but does no damage.
You block the kobold's attack. The adder barely misses you.
The orc hits you but does no damage.
The orc warrior hits you from afar with a trident!
You die...

##..# ....#
##### ....##
..?.? #.....#
)..... ......#
......###.......
%......o#K....#
......os@Sb...#
###...oo##......
#####.# ..##.
#.. .# ### #


You could see an orc warrior, an adder, 3 orcs, a giant cockroach, a bat and a
kobold.

Vanquished Creatures
  3 adders (D:2)
  An ooze (D:1)
  A worm (D:2)
  2 giant cockroaches
  5 goblins
  7 hobgoblins
  A jackal (D:2)
  5 kobolds
  A quokka (D:2)
  A ball python (D:2)
  5 bats
  3 frilled lizards
  3 rats
38 creatures vanquished.

Notes
Turn   | Place    | Note
-------+----------+-------------------------------------------
     0 | D:1      | martbhell the Hill Orc Fighter began the quest for the Orb.
     0 | D:1      | Reached XP level 1. HP: 19/19 MP: 1/1
   484 | D:1      | Reached XP level 2. HP: 24/27 MP: 2/2
   773 | D:2      | Reached XP level 3. HP: 33/33 MP: 3/3
   908 | D:2      | Reached XP level 4. HP: 19/40 MP: 4/4
  1359 | D:2      | Found an ornate altar of the Wu Jian Council.
  1368 | D:2      | Became a worshipper of the Wu Jian Council
  1545 | D:3      | Noticed an orc warrior
  1554 | D:3      | Mangled by an orc warrior

Skill      XL: |  1  2  3  4 |
---------------+-------------+-----
Fighting       | 4 |  4.0
Shields        | 4 |  4.1
Armour         | 4 |  4.0
Short Blades   | |  2.8

Action                   |  1- 3 |  4- 6 || total
-------------------------+-------+-------++-------
Melee: Rapier            |    98 |    36 ||   134
Invok: Lunge             |       |     2 ||     2
  Use: Scroll            |     3 |     1 ||     4
       Potion            |       |     3 ||     3
  Eat: Ration            |       |     1 ||     1
Armor: Scale mail        |    53 |    20 ||    73
Dodge: Dodged            |    41 |    21 ||    62
Block: Shield            |    51 |    21 ||    72
